 Dungeon Crawl Stone Soup version 0.29-a0-824-gd827844252 (webtiles) character file.

Game seed: 3389040269263726838

499 lunkers the Chopper (level 7, -7/61 HPs)
             Began as a Meteoran Fighter on July 10, 2022.
             Was an Initiate of Okawaru.
             Killed by divine providence
             ... invoked by an orc priest
              (10 damage)
             ... on level 5 of the Dungeon.
             The game lasted 00:03:10 (840 turns).

lunkers the Chopper (Meteoran Fighter)               Turns: 840, Time: 00:03:11

Health: -7/61      AC:  9    Str: 18    XL:     7   Next: 67%
Magic:  7/9        EV:  7    Int: 12    God:    Okawaru [......]
Gold:   146        SH:  0    Dex: 13    Spells: 6/6 levels left

rFire   . . .      SeeInvis .   a - +0 war axe
rCold   + . .      Faith    .   c - +0 buckler
rNeg    . . .      Spirit   .   l - +3 leather armour {rC+}
rPois   .          Reflect  .   n - +1 helmet
rElec   .          Harm     .   (no cloak)
rCorr   .          Rampage  .   (no gloves)
Will    .....                   (no boots)
Stlth   +.........              (no amulet)
HPRegen 0.20/turn               i - ring of wizardry
MPRegen 0.11/turn               (no ring)

@: lethally poisoned (-7 -> -26), heroic, weakened, held, glowing, studying
Throwing
A: sense surroundings 1, otherworldly, glowing, explore regen
a: Renounce Religion


You were on level 5 of the Dungeon.
You worshipped Okawaru.
Okawaru was noncommittal.
You visited 1 branch of the dungeon, and saw 5 of its levels.

You collected 146 gold pieces.

Inventory:

Hand Weapons
 a - a +0 war axe (weapon)
 w - the +4 dagger "Morg" {pain, Will+ Int+5}
   (You found it on level 5 of the Dungeon)

   In the hands of one skilled in necromantic magic, it inflicts extra damage on
   living creatures.
   Int:       It affects your intelligence (+5).
   Will:      It increases your willpower.
Missiles
 o - 13 stones (quivered)
 r - 6 curare-tipped darts
 t - 2 atropa-tipped darts
Armour
 b - a +0 scale mail
 c - a +0 buckler (worn)
 l - a +3 leather armour of cold resistance (worn)
 n - a +1 helmet (worn)
Jewellery
 i - a ring of wizardry (left hand)
Wands
 m - a wand of digging (2)
Scrolls
 e - a scroll of vulnerability {unknown}
 h - a scroll of enchant armour
 j - a scroll of identify
 k - 2 scrolls of blinking {unknown}
 s - a scroll of torment {unknown}
 u - a scroll of teleportation {unknown}
Potions
 d - 2 potions of ambrosia
 f - 2 potions of brilliance {unknown}
 g - a potion of degeneration {unknown}
 p - a potion of attraction {unknown}
 q - a potion of lignification {unknown}
 v - a potion of heal wounds {unknown}
 x - a potion of mutation {unknown}


   Skills:
 + Level 5.5(10.5) Fighting
 * Level 7.4(12.4) Axes
 - Level 3.6(8.6) Armour
 - Level 3.6(8.6) Shields
 + Level 1.4 Invocations


You had 6 spell levels left.
You didn't know any spells.
Your spell library contained the following spells:

 Spells                   Type           Power      Damage    Failure   Level
 Static Discharge         Conj/Air       0%         3-3/arc   28%         2
 Portal Projectile        Hex/Tloc       0%         N/A       47%         3
 Leda's Liquefaction      Hex/Erth       0%         N/A       86%         4
 Lightning Bolt           Conj/Air       0%         1d11      99%         5
 Maxwell's Capacitive Co  Air            0%         ∞         100%        8
 Call Canine Familiar     Summ           Unusable   N/A       N/A         3

Dungeon Overview and Level Annotations

Branches:
Dungeon (5/15) Zot: 2123
 Temple: D:4-7

Altars:
Fedhas
Makhleb
Okawaru
Ru


Innate Abilities, Weirdness & Mutations

You passively map a small area around you.
You are easily found by Zot.
You glow in the dark.
You regain HP and MP as you explore.


Message History

You feel your attacks grow feeble. The orc hits you with a +0 flail.
The orc barely misses you.
The orc priest miscasts a cantrip.
The gnoll hits you but does no damage.
You are poisoned.
You struggle against the net.
You feel sick. The gnoll hits you with a +0 whip! The orc closely misses you.
The orc hits you but does no damage.
An orc comes into view. It is wielding a +0 club.
An orc wizard comes into view. It is wielding a +0 dagger.
The gnoll hits you from afar with a +0 spear of venom.
* * * LOW HITPOINT WARNING * * *
You are more poisoned.
Unknown command.
As you read the scroll labelled RUOWUAQ VUPAI, it crumbles to dust.
It is a scroll of enchant armour.
Your +0 helmet glows green for a moment.
You feel very sick. The gnoll closely misses you.
The orc hits you with a +0 flail.
* * * LOW HITPOINT WARNING * * *
The gnoll bouda gazes fiercely through you!
You feel as though you will be weak longer.
The orc barely misses you.
The gnoll hits you from afar with a +0 spear of venom.
* * * LOW HITPOINT WARNING * * *
You are lethally poisoned!
Unknown command.
As you read the scroll labelled MYIRAE TILUGHO, it crumbles to dust.
It is a scroll of identify.
d - 2 potions of ambrosia
* * * LOW HITPOINT WARNING * * *
You feel very sick. The gnoll hits you with a +0 whip.
* * * LOW HITPOINT WARNING * * *
The orc barely misses you. x2
The orc priest invokes the aid of Beogh against you.
Beogh smites you!
* * * LOW HITPOINT WARNING * * *
The orc priest invokes the aid of Beogh against you.
Beogh smites you!
You die...

* ############
#..........#
#..........#
####..........#
,..............# ,
####..........# ,,
#..........####### **
######.###@ogo...#
##.....# #oggh...# *
######..#######o.g.....
#............#...g.....
###...######.......oo..
, #.######..,##...g.o).
####.##......
.......o., ........# ,
.#####... * .......># ,


You could see a black bear, a gnoll bouda, 2 orc priests, an orc wizard, 5
gnolls and 5 orcs.

Vanquished Creatures
  Grinder (D:3)
  A phantom (D:5)
  A necrophage (D:5)
  A hound (D:5)
  A jelly (D:5)
  Robin (D:3)
  3 adders
  A gnoll (D:4)
  A worm (D:4)
  A dart slug (D:3)
  8 orcs (D:3)
  2 endoplasms
  13 goblins
  5 hobgoblins
  3 jackals (D:3)
  2 ball pythons (D:1)
  3 bats
  3 frilled lizards
  2 kobolds (D:3)
  3 rats (D:3)
56 creatures vanquished.

Notes
Turn   | Place    | Note
-------+----------+-------------------------------------------
     0 | D:1      | lunkers the Meteoran Fighter began the quest for the Orb.
     0 | D:1      | Reached XP level 1. HP: 19/19 MP: 2/2
    90 | D:2      | Reached XP level 2. HP: 25/26 MP: 3/3
   148 | D:1      | Reached skill level 3 in Axes
   161 | D:2      | Reached XP level 3. HP: 25/31 MP: 4/4
   232 | D:3      | Noticed Grinder
   248 | D:3      | Killed Grinder
   249 | D:3      | Reached skill level 6 in Axes
   249 | D:3      | Reached XP level 4. HP: 28/41 MP: 5/5
   249 | D:3      | Reached XP level 5. HP: 32/47 MP: 6/6
   249 | D:3      | Reached XP level 6. HP: 38/55 MP: 7/7
   309 | D:3      | Noticed Robin
   322 | D:3      | Reached skill level 5 in Fighting
   323 | D:3      | Killed Robin
   444 | D:3      | Found an iron altar of Okawaru.
   450 | D:3      | Found a burning altar of Makhleb.
   450 | D:3      | Found a sacrificial altar of Ru.
   451 | D:3      | Found a blossoming altar of Fedhas.
   459 | D:3      | Became a worshipper of Warmaster Okawaru
   731 | D:5      | Entered Level 5 of the Dungeon
   739 | D:5      | Reached XP level 7. HP: 47/61 MP: 8/8
   756 | D:5      | Reached skill level 7 in Axes
   766 | D:5      | Found the +4 dagger "Morg" {pain, Will+ Int+5}
   801 | D:5      | Reached skill level 1 in Invocations
   812 | D:5      | Reached * piety under Okawaru
   840 | D:5      | HP: 3/61 [orc priest/divine providence (14)]
   840 | D:5      | Killed from afar by an orc priest

Illustrated notes

Levels and vault maps discovered:
D:1:      lemuel_arrival_lava_pool, layout_rooms
D:2:      layout_loops_ring, serial_shops, shop
D:3:      layout_rooms, grunt_temple_overflow_open, uniq_grinder, uniq_sigmund,
          uniq_robin
D:4:      layout_loops_corners, mainiacjoe_overflow_alcove_4,
          gammafunk_ghost_split
D:5:      layout_rooms

Skill      XL: |  1  2  3  4  5  6  7 |
---------------+----------------------+-----
Axes           | 3 6 7 |  7.4
Fighting       | 4 5 |  5.5
Invocations    | 1 |  1.4
Armour         | |  3.6
Shields        | |  3.6

Action                   |  1- 3 |  4- 6 |  7- 9 || total
-------------------------+-------+-------+-------++-------
Melee: War axe           |    44 |    64 |    28 ||   136
Throw: Stone             |       |     3 |     1 ||     4
Invok: Heroism           |       |       |     1 ||     1
  Use: Potion            |     1 |       |       ||     1
       Scroll            |       |       |     2 ||     2
Armor: Scale mail        |    26 |     2 |       ||    28
       Leather armour    |       |    18 |    12 ||    30
Dodge: Dodged            |    10 |    30 |    15 ||    55
Block: Buckler           |     8 |    19 |     8 ||    35

Table legend: (Time is in decaauts)
 A = Elapsed time spent in this place.
 B = Non-inter-level travel time spent in this place.
 C = Inter-level travel time spent in this place.
 D = Time resting spent in this place.
 E = Time spent auto-exploring this place.
 F = Levels seen in this place.
 G = Mean time per level.
                   A        B        C        D        E       F      G
               +--------+--------+--------+--------+--------+-----+--------+
         Total |    875 |    875 |      0 |      0 |    375 |   5 |  175.0 |
       Dungeon |    875 |    875 |      0 |      0 |    375 |   5 |  175.0 |
               +--------+--------+--------+--------+--------+-----+--------+

Top non-repeatable levels by time:
     D:3: 298 daAuts
     D:4: 227 daAuts
     D:2: 129 daAuts
     D:5: 115 daAuts
     D:1: 103 daAuts
